[ AOE2 MATCH · #481135546 ]
UnrankedPoles vs Franks
[ REPLAY ANALYSIS · EXTRACTED FROM THE RECORDED GAME ]
Feudal
—
Castle
—
Imperial
—
| APM avg | 29.7 |
| APM peak | 71 |
| eAPM avg | 8.3 |
| Villagers / military | 18 / 0 |
Focus
⚔️ 2.4% · 🌾 97.6%
Feudal
—
Castle
—
Imperial
—
| APM avg | 28.3 |
| APM peak | 60 |
| eAPM avg | 14.7 |
| Villagers / military | 18 / 0 |
Focus
⚔️ 20.9% · 🌾 79.1%
Feudal
—
Castle
—
Imperial
—
| APM avg | 14.2 |
| APM peak | 26 |
| eAPM avg | 8.8 |
| Villagers / military | 15 / 0 |
Focus
⚔️ 9.5% · 🌾 90.5%
Feudal
—
Castle
—
Imperial
—
| APM avg | 16.6 |
| APM peak | 28 |
| eAPM avg | 10.6 |
| Villagers / military | 16 / 0 |
Focus
⚔️ 6.1% · 🌾 93.9%
Feudal
—
Castle
—
Imperial
—
| APM avg | 28.6 |
| APM peak | 39 |
| eAPM avg | 13.3 |
| Villagers / military | 25 / 0 |
Focus
⚔️ 7.4% · 🌾 92.6%
Feudal
—
Castle
—
Imperial
—
| APM avg | 20.5 |
| APM peak | 41 |
| eAPM avg | 5.8 |
| Villagers / military | 11 / 0 |
Focus
⚔️ 20.8% · 🌾 79.2%
Feudal
—
Castle
—
Imperial
—
| APM avg | 31.6 |
| APM peak | 56 |
| eAPM avg | 15.6 |
| Villagers / military | 34 / 0 |
Focus
⚔️ 13.2% · 🌾 86.8%
Feudal
—
Castle
—
Imperial
—
| APM avg | 19.7 |
| APM peak | 52 |
| eAPM avg | 10.5 |
| Villagers / military | 7 / 0 |
Focus
⚔️ 42.3% · 🌾 57.7%
Match map
Initial resources + every placement click. Lines = walls · curves = elevation contours. ◆ gold · ⬟ stone · ● berries · ✦ relic · ◌ wall gap
Your base
Cienfuegos's base
Rafther's base
Brynn4151's base
Pizzaboy's base
过客33445566's base
TheDangerous's base
GuGu咕咕's base
Smoothed initial terrain · ◌ = detected wall gap · hover for details
Inputs per minute
— Big Brother - - Cienfuegos
Build order — Big Brother
22 actions detected in the replay
| 0:02 | Create | Villager (Male) |
| 0:02 | Create | Villager (Male) |
| 0:02 | Create | Villager (Male) |
| 0:05 | Build | House |
| 0:07 | Build | House |
| 0:37 | Create | Villager (Male) |
| 0:37 | Create | Villager (Male) |
| 0:38 | Create | Villager (Male) |
| 1:24 | Create | Villager (Male) |
| 1:24 | Create | Villager (Male) |
| 1:50 | Build | Lumber Camp |
| 2:52 | Create | Villager (Male) |
| 2:52 | Create | Villager (Male) |
| 2:52 | Create | Villager (Male) |
| 3:24 | Create | Villager (Male) |
| 3:24 | Create | Villager (Male) |
| 3:24 | Create | Villager (Male) |
| 3:48 | Create | Villager (Male) |
| 3:48 | Create | Villager (Male) |
| 4:03 | Build | House |
| 4:59 | Create | Villager (Male) |
| 4:59 | Create | Villager (Male) |
Build order — Cienfuegos
23 actions detected in the replay
| 0:02 | Create | Villager (Male) |
| 0:02 | Create | Villager (Male) |
| 0:03 | Build | House |
| 0:05 | Build | House |
| 0:34 | Create | Villager (Male) |
| 0:58 | Create | Villager (Male) |
| 1:14 | Create | Villager (Male) |
| 1:14 | Create | Villager (Male) |
| 1:54 | Build | Lumber Camp |
| 1:54 | Create | Villager (Male) |
| 2:41 | Create | Villager (Male) |
| 2:41 | Create | Villager (Male) |
| 2:57 | Create | Villager (Male) |
| 2:59 | Create | Villager (Male) |
| 2:59 | Create | Villager (Male) |
| 4:00 | Create | Villager (Male) |
| 4:02 | Create | Villager (Male) |
| 4:28 | Build | House |
| 4:33 | Create | Villager (Male) |
| 5:08 | Create | Villager (Male) |
| 5:44 | Create | Villager (Male) |
| 5:50 | Build | House |
| 6:08 | Create | Villager (Male) |
Build order — Rafther
22 actions detected in the replay
| 0:02 | Create | Villager (Male) |
| 0:02 | Create | Villager (Male) |
| 0:03 | Create | Villager (Male) |
| 0:03 | Create | Villager (Male) |
| 0:03 | Create | Villager (Male) |
| 0:05 | Build | House |
| 0:06 | Build | House |
| 1:32 | Create | Villager (Male) |
| 1:48 | Build | Lumber Camp |
| 2:06 | Create | Villager (Male) |
| 2:20 | Create | Villager (Male) |
| 2:20 | Create | Villager (Male) |
| 3:20 | Create | Villager (Male) |
| 3:20 | Create | Villager (Male) |
| 3:20 | Create | Villager (Male) |
| 4:06 | Create | Villager (Male) |
| 4:18 | Build | House |
| 4:20 | Build | House |
| 4:40 | Build | Mill |
| 4:54 | Create | Villager (Male) |
| 4:57 | Create | Villager (Male) |
| 5:11 | Build | Palisade Wall |
Build order — Brynn4151
23 actions detected in the replay
| 0:02 | Build | House |
| 0:04 | Build | House |
| 0:05 | Create | Villager (Male) |
| 0:05 | Create | Villager (Male) |
| 0:05 | Create | Villager (Male) |
| 0:06 | Create | Villager (Male) |
| 1:31 | Create | Villager (Male) |
| 2:11 | Create | Villager (Male) |
| 2:36 | Create | Villager (Male) |
| 3:09 | Build | House |
| 3:19 | Create | Villager (Male) |
| 3:33 | Create | Villager (Male) |
| 4:03 | Research | Loom |
| 4:48 | Create | Villager (Male) |
| 4:48 | Create | Villager (Male) |
| 4:49 | Create | Villager (Male) |
| 4:49 | Create | Villager (Male) |
| 4:57 | Build | House |
| 5:02 | Build | Lumber Camp |
| 5:23 | Build | Mill |
| 6:13 | Create | Villager (Male) |
| 6:13 | Create | Villager (Male) |
| 6:14 | Create | Villager (Male) |
Build order — Pizzaboy
33 actions detected in the replay
| 0:02 | Create | Villager (Male) |
| 0:03 | Create | Villager (Male) |
| 0:03 | Create | Villager (Male) |
| 0:03 | Create | Villager (Male) |
| 0:04 | Create | Villager (Male) |
| 0:08 | Build | House |
| 0:24 | Build | House |
| 0:51 | Research | Loom |
| 0:54 | Create | Villager (Male) |
| 0:54 | Create | Villager (Male) |
| 0:54 | Create | Villager (Male) |
| 2:21 | Create | Villager (Male) |
| 2:21 | Create | Villager (Male) |
| 2:56 | Create | Villager (Male) |
| 2:57 | Create | Villager (Male) |
| 3:17 | Build | Palisade Gate |
| 3:21 | Build | Palisade Wall |
| 3:22 | Build | Palisade Wall |
| 3:24 | Create | Villager (Male) |
| 3:24 | Create | Villager (Male) |
| 3:42 | Create | Villager (Male) |
| 3:43 | Create | Villager (Male) |
| 4:13 | Build | Lumber Camp |
| 4:15 | Create | Villager (Male) |
| 4:15 | Create | Villager (Male) |
| 4:42 | Build | House |
| 4:48 | Create | Villager (Male) |
| 4:48 | Create | Villager (Male) |
| 5:06 | Create | Villager (Male) |
| 5:07 | Create | Villager (Male) |
| 5:46 | Create | Villager (Male) |
| 5:47 | Create | Villager (Male) |
| 5:47 | Create | Villager (Male) |
Build order — 过客33445566
13 actions detected in the replay
| 0:02 | Create | Villager (Male) |
| 0:02 | Create | Villager (Male) |
| 0:02 | Create | Villager (Male) |
| 0:06 | Research | Loom |
| 0:07 | Create | Villager (Male) |
| 0:07 | Create | Villager (Male) |
| 0:08 | Create | Villager (Male) |
| 0:08 | Create | Villager (Male) |
| 0:42 | Build | Palisade Wall |
| 2:23 | Create | Villager (Male) |
| 2:24 | Create | Villager (Male) |
| 3:11 | Create | Villager (Male) |
| 3:12 | Create | Villager (Male) |
Build order — TheDangerous
43 actions detected in the replay
| 0:03 | Build | House |
| 0:03 | Create | Villager (Male) |
| 0:04 | Create | Villager (Male) |
| 0:04 | Create | Villager (Male) |
| 0:04 | Create | Villager (Male) |
| 0:05 | Build | House |
| 0:33 | Create | Villager (Male) |
| 0:34 | Create | Villager (Male) |
| 0:38 | Research | Loom |
| 0:38 | Research | Loom |
| 0:38 | Create | Villager (Male) |
| 0:39 | Create | Villager (Male) |
| 0:39 | Create | Villager (Male) |
| 0:39 | Create | Villager (Male) |
| 0:39 | Create | Villager (Male) |
| 1:35 | Build | Palisade Wall |
| 2:32 | Create | Villager (Male) |
| 2:32 | Create | Villager (Male) |
| 2:33 | Create | Villager (Male) |
| 2:49 | Build | Palisade Wall |
| 2:55 | Create | Villager (Male) |
| 2:56 | Create | Villager (Male) |
| 2:56 | Create | Villager (Male) |
| 3:22 | Build | Lumber Camp |
| 3:38 | Create | Villager (Male) |
| 3:38 | Create | Villager (Male) |
| 3:49 | Build | House |
| 3:59 | Create | Villager (Male) |
| 4:00 | Create | Villager (Male) |
| 4:32 | Create | Villager (Male) |
| 4:33 | Create | Villager (Male) |
| 4:33 | Create | Villager (Male) |
| 4:33 | Create | Villager (Male) |
| 4:33 | Create | Villager (Male) |
| 5:03 | Create | Villager (Male) |
| 5:03 | Create | Villager (Male) |
| 5:17 | Create | Villager (Male) |
| 5:17 | Create | Villager (Male) |
| 5:18 | Create | Villager (Male) |
| 5:21 | Build | Mill |
| 6:16 | Create | Villager (Male) |
| 6:16 | Create | Villager (Male) |
| 6:17 | Create | Villager (Male) |
Build order — GuGu咕咕
16 actions detected in the replay
| 0:02 | Create | Villager (Male) |
| 0:02 | Create | Villager (Male) |
| 0:08 | Research | Loom |
| 0:09 | Create | Villager (Male) |
| 0:24 | Build | Palisade Wall |
| 0:27 | Create | Villager (Male) |
| 0:28 | Create | Villager (Male) |
| 1:03 | Build | House |
| 1:17 | Build | Palisade Wall |
| 1:36 | Build | Palisade Wall |
| 1:49 | Build | Palisade Wall |
| 2:25 | Build | Palisade Wall |
| 2:27 | Build | Palisade Wall |
| 2:32 | Build | Palisade Wall |
| 2:52 | Create | Villager (Male) |
| 2:54 | Create | Villager (Male) |
Match timeline
| 0:24 | GuGu咕咕 · wall_segment Palisade Wall x29 |
| 0:42 | 过客33445566 · wall_segment Palisade Wall x14 |
| 1:17 | GuGu咕咕 · wall_segment Palisade Wall x11 |
| 1:35 | TheDangerous · wall_segment Palisade Wall x6 |
| 1:36 | GuGu咕咕 · wall_segment Palisade Wall x11 |
| 1:49 | GuGu咕咕 · wall_segment Palisade Wall x6 |
| 2:25 | GuGu咕咕 · wall_segment Palisade Wall x1 |
| 2:27 | GuGu咕咕 · wall_segment Palisade Wall x1 |
| 2:32 | GuGu咕咕 · wall_segment Palisade Wall x1 |
| 2:49 | TheDangerous · wall_segment Palisade Wall x9 |
| 2:59 | GuGu咕咕 · resign |
| 3:21 | Pizzaboy · wall_segment Palisade Wall x4 |
| 3:22 | Pizzaboy · wall_segment Palisade Wall x10 |
| 5:11 | Rafther · wall_segment Palisade Wall x13 |
[ AI ANALYSIS · 1 CREDIT ]
What really happened in this match?
Wolo.gg analyzes every decision: build order, eco, micro, common mistakes by bracket. Personalized analysis on WhatsApp or Discord in 30 seconds.
Civ guide
Poles
Perfil
Jugador #2902933